 Dungeon Crawl Stone Soup version 0.21.1-1-g345015f (webtiles) character file.

95027 GrunderHorse the Severer (level 16, -4/201 HPs)
             Began as a Formicid Fighter on Feb 25, 2018.
             Was the Champion of Cheibriados.
             Engulfed by a ghost crab's spectral mist (9 damage)
             ... on level 4 of the Swamp.
             The game lasted 01:24:20 (21027 turns).

GrunderHorse the Severer (Formicid Fighter)        Turns: 21027, Time: 01:24:21

Health: -4/201     AC: 31    Str: 46    XL:     16   Next: 62%
Magic:  22/22      EV:  2    Int: 24    God:    Cheibriados [******]
Gold:   1460       SH:  0    Dex: 30    Spells: 24/24 levels left

rFire    + + .     SeeInvis .   i - +6 flail "Tormentor" {drain, rPois rF+ Str+9 Stlth+}
rCold    + . .     Gourm    .   I - +8 large shield {AC+3}
rNeg     + + +     Faith    .   (armour currently unavailable)
rPois    +         Spirit   .   (helmet unavailable)
rElec    +         Reflect  .   (cloak currently unavailable)
rCorr    +         Harm     .   (gloves currently unavailable)
MR       +....                  (boots currently unavailable)
Stlth    ++........             c - amulet of regeneration
HPRegen  0.83/turn              G - +2 ring of evasion
MPRegen  0.18/turn              q - ring of flight

@: confused, tree-form, resistant, very slow
A: permanent stasis, dig shafts and tunnels, four strong arms
a: Bend Time, Temporal Distortion, Slouch, Step From Time, Renounce Religion


You were on level 4 of the Swamp.
You worshipped Cheibriados.
Cheibriados was exalted by your worship.
You were not hungry.
You were a tree.
You visited 5 branches of the dungeon, and saw 23 of its levels.

You collected 2677 gold pieces.
You spent 1217 gold pieces at shops.

Inventory:

Hand Weapons
 a - a +1 vampiric battleaxe
 b - a +2 morningstar of freezing
 i - the +6 flail "Tormentor" (weapon) {drain, rPois rF+ Str+9 Stlth+}
   (You found it on level 2 of the Swamp)

   A truly terrible weapon, it drains the life of those it strikes.
   It affects your strength (+9).
   It protects you from fire.
   It protects you from poison.
   It makes you more stealthy.
 u - a +4 war axe
 C - a +2 dire flail of holy wrath
 R - a +0 battleaxe
Missiles
 K - 7 steel javelins
 M - 28 tomahawks (quivered)
Armour
 d - a scarf of cloud immunity (melded)
 l - a +2 scale mail of fire resistance
 D - a +2 pair of gloves of dexterity (melded)
 F - the +1 pair of boots "Nonteuq" (melded) {rPois}
   (You bought it in a shop on level 2 of the Orcish Mines)

   It protects you from poison.
 H - the +14 plate armour "Meolez" (melded) {*Slow rPois MP+9 Dex+2}
   (You found it on level 1 of the Lair of Beasts)

   It affects your dexterity (+2).
   It protects you from poison.
   It affects your magic capacity (+9).
   It may slow you when you take damage.
 I - a +8 large shield of protection (worn)
Jewellery
 c - an amulet of regeneration (around neck)
 m - a +3 ring of intelligence
 q - a ring of flight (right branch)
 t - an uncursed ring of protection from fire
 v - an uncursed ring of magical power
 y - an uncursed amulet of guardian spirit
 A - an uncursed ring of protection from cold
 G - a +2 ring of evasion (left branch)
 J - an uncursed ring of poison resistance
 S - an uncursed ring of fire
 U - an uncursed ring of fire
Wands
 r - a wand of paralysis (15)
 x - a wand of digging (5)
 L - a wand of flame (111)
 N - a wand of enslavement (33)
 P - a wand of acid (18)
 Q - a wand of clouds (5)
Scrolls
 e - a scroll of enchant weapon
 h - 5 scrolls of magic mapping
 j - 8 scrolls of identify
 o - 6 scrolls of remove curse
 p - 2 scrolls of immolation
 s - a scroll of silence
 B - 7 scrolls of amnesia
 O - a scroll of enchant armour
Potions
 g - 2 potions of flight
 k - 2 potions of curing
 n - a potion of resistance
Miscellaneous
 w - a lamp of fire
Comestibles
 f - 37 rations
 V - 7 chunks of flesh


   Skills:
 + Level 14.5 Fighting
 - Level 16.0 Axes
 + Level 14.5 Armour
 - Level 15.0 Shields
 + Level 4.5 Spellcasting


You had 24 spell levels left.
You didn't know any spells.

Dungeon Overview and Level Annotations

Branches:
Dungeon (11/15)            Temple (1/1) D:6            Lair (5/6) D:8
  Swamp (4/4) Lair:2        Snake (0/4) Lair:4        Slime (0/5) Lair:5
    Orc (2/2) D:11            Elf (0/3) Orc:2

Altars:
Ashenzari
Cheibriados
Dithmenos
Elyvilon
Fedhas
Gozag
Hepliaklqana
Kikubaaqudgha
Makhleb
Nemelex Xobeh
Okawaru
Ru
Trog
Vehumet
Wu Jian
Xom
Yredelemnul
Zin
The Shining One
Beogh

Shops:
D:10 (   Orc:1 =   Orc:2 :[(*

Portals:
Trove: D:10 (give 8 potions of agility)

Annotations:
D:10 8 pot agility
D:11 Gastronok
Swamp:2 exclusion: Roxanne, Roxanne


Innate Abilities, Weirdness & Mutations

You cannot be hasted, slowed, berserked, paralysed or teleported.
You can dig through walls and to a lower floor.
Your four strong arms can wield two-handed weapons with a shield.
((You have a pair of large antennae on your head. (SInv)))


Message History

* * * LOW HITPOINT WARNING * * *
The six-headed hydra bites you but does no damage. x3
Okay, then.
You're too confused!
Okay, then.
You cannot move. (Use ctrl+direction to attack without moving.)
You cannot move. (Use ctrl+direction to attack without moving.)
You cannot move. (Use ctrl+direction to attack without moving.)
You sock the five-headed hydra!
The five-headed hydra is lightly wounded.
You are engulfed in spectral mist.
The swamp drake seems to regain its courage.
The spriggan druid is engulfed in spectral mist.
The spriggan druid splashes around in the water.
The ghost crab breathes spectral mist at you.
The spectral mist engulfs the six-headed hydra.
You sock the five-headed hydra!
The five-headed hydra is moderately wounded.
You are engulfed in spectral mist.
You die...

♣♣♣.≈≈.♣♣ ♣♣♣♣...≈
♣≈.≈≈≈.≈♣ ♣...≈.≈♣
♣♣♣♣.≈≈≈.♣♣♣♣♣ ♣♣.≈≈≈.♣
♣≈♣♣♣.≈≈≈....♣ ♣.≈≈≈$♣
♣♣≈≈≈≈.≈≈≈≈.≈.♣ ♣≈≈≈≈♣ {
♣≈≈≈≈≈≈≈≈≈≈≈<.♣♣♣♣.≈≈.# {
♣≈≈≈≈≈≈≈≈≈≈..♣♣..≈.≈≈♣ {
♣♣...........§≈.iD≈.≈♣# {
♣♣≈≈♣.≈≈≈≈.≈.≈.♣§♣♣≈≈# {
♣♣♣♣♣.≈≈≈≈≈≈≈≈§D§♣.≈♣ {
♣≈...≈≈≈≈≈≈§Z§§§§†≈.# {
♣♣♣..≈≈≈≈≈≈≈§§§§§.k.≈♣
♣≈..≈≈≈≈≈≈≈≈≈♣.♣.t..≈.≈
♣....≈≈≈.≈≈≈.♣♣♣≈.≈.≈..≈.
♣≈..≈≈≈≈≈.^..♣ ♣...≈≈..≈♣
♣♣≈..≈≈§.≈.♣♣♣♣
♣......≈.. ♣.§≈.≈≈≈≈§≈♣
♣.♣≈♣♣♣♣♣≈


You could see a six-headed hydra, a five-headed hydra, a ghost crab, a spriggan
druid, a spectral alligator and a swamp drake.

Vanquished Creatures
  2 thorn hunters (Swamp:3)
  Erolcha (Orc:1)
  12 hydras
  A catoblepas (Lair:2)
  9 two-headed ogres
  A ghost crab (Swamp:3)
  10 alligators
  5 death yaks (Lair:4)
  2 orc high priests (Orc:2)
  An unseen horror (D:10)
  A death drake (Swamp:2)
  5 swamp dragons
  An orc knight (Orc:2)
  A spriggan druid (Swamp:3)
  2 spectral hydras (Swamp:2)
  A shambling mangrove (Swamp:3)
  A necromancer (Swamp:2)
  5 orc sorcerers (Orc:2)
  3 cyclopes (D:11)
  A manticore (D:11)
  9 elephants
  An ugly thing (D:11)
  2 black mambas
  A torpor snail (Lair:4)
  2 centaur skeletons (D:11)
  2 gargoyles
  13 spiny frogs
  4 swamp worm zombies (Swamp:2)
  3 komodo dragons
  A rime drake (Lair:5)
  5 tyrant leeches
  3 trolls
  Grinder (D:5)
  7 hornets
  14 slime creatures
  4 spectral swamp dragons (Swamp:2)
  8 dream sheep
  7 hippogriffs
  11 bog bodies
  20 blink frogs
  4 alligator zombies (Swamp:2)
  5 wraiths
  13 spriggans
  A large abomination (Swamp:2)
  A wyvern (Lair:4)
  17 yaks
  3 shadows
  A hungry ghost (D:10)
  A tyrant leech zombie (Swamp:2)
  16 vampire mosquitoes
  2 wargs
  18 swamp worms
  11 insubstantial wisps (Swamp:3)
  7 spiny frog zombies (Swamp:2)
  A soldier ant (D:11)
  7 water moccasins
  8 swamp drakes
  8 porcupines
  A sky beast (D:8)
  The ghost of murkyfrogboy the Covered, an amateur MiFi (D:3)
  8 necrophages
  A black bear (D:11)
  4 ice beasts
  29 orc warriors
  21 ogres
  5 centaurs
  2 elf zombies (D:8)
  9 crocodiles
  6 big kobolds
  Blork the orc (D:4)
  15 bullfrogs
  A gnoll sergeant (D:8)
  An elf skeleton (D:8)
  A wyvern zombie (D:10)
  3 scorpions
  2 troll zombies (Swamp:2)
  6 killer bees
  2 electric eels
  11 wights
  6 howler monkeys (D:8)
  3 bullfrog zombies
  8 crimson imps
  3 centaur zombies
  2 human zombies (D:8)
  4 hounds
  A bullfrog skeleton (D:10)
  15 orc priests
  17 orc wizards
  A human skeleton (D:8)
  6 iguanas
  13 worker ants
  An ogre zombie (D:8)
  3 hound skeletons
  A howler monkey zombie (D:11)
  2 mummies (D:8)
  4 gnolls (D:8)
  A howler monkey skeleton (D:4)
  A worker ant zombie (D:11)
  14 adders
  5 shadow imps
  3 oozes
  2 adder skeletons
  2 worms (D:2)
  10 leopard geckos
  86 orcs
  5 ball pythons
  6 bats
  13 giant cockroaches
  8 goblins
  12 hobgoblins
  6 jackals
  4 quokkas
  3 frilled lizards
  A jackal zombie (D:5)
  20 kobolds
  10 rats
  3 fungi
  2 plants (Lair:2)
744 creatures vanquished.

Vanquished Creatures (collateral kills)
  An orc warlord (Orc:2)
  An ogre (Orc:1)
  An orc (Orc:2)
3 creatures vanquished.

Vanquished Creatures (others)
  Erica (D:11)
  An alligator (Swamp:1)
  A blink frog (Swamp:3)
  A bog body (Swamp:3)
  A briar patch (Swamp:3)
  A bush (Lair:4)
  6 fungi
  5 plants
  5 toadstools (Swamp:3)
  4 withered plants (Swamp:2)
26 creatures vanquished.

Grand Total: 773 creatures vanquished

Notes
Turn   | Place    | Note
-------+----------+-------------------------------------------
     0 | D:1      | GrunderHorse the Formicid Fighter began the quest for the Orb.
     0 | D:1      | Reached XP level 1. HP: 18/18 MP: 1/1
   169 | D:1      | Reached XP level 2. HP: 24/24 MP: 2/2
   458 | D:1      | Reached XP level 3. HP: 28/29 MP: 3/3
   979 | D:2      | Reached XP level 4. HP: 22/37 MP: 4/4
  1180 | D:2      | Reached skill level 3 in Axes
  1738 | D:2      | Found a sacrificial altar of Ru.
  1739 | D:2      | Found a burning altar of Makhleb.
  1739 | D:2      | Found an ancient bone altar of Kikubaaqudgha.
  1739 | D:2      | Found a glowing golden altar of the Shining One.
  1746 | D:2      | Found a bloodstained altar of Trog.
  1940 | D:3      | Reached XP level 5. HP: 42/42 MP: 5/5
  2395 | D:3      | Noticed murkyfrogboy's ghost (amateur MiFi)
  2408 | D:3      | Killed murkyfrogboy's ghost
  2408 | D:3      | Reached skill level 4 in Axes
  2408 | D:3      | Reached XP level 6. HP: 46/49 MP: 6/6
  2696 | D:4      | Reached skill level 5 in Shields
  2864 | D:4      | Reached XP level 7. HP: 38/55 MP: 7/7
  3822 | D:4      | Noticed Blork the orc
  3829 | D:4      | Killed Blork the orc
  3829 | D:4      | Reached skill level 5 in Axes
  3932 | D:4      | Reached skill level 5 in Armour
  4119 | D:5      | Entered Level 5 of the Dungeon
  4228 | D:5      | Reached skill level 5 in Fighting
  4498 | D:5      | Reached XP level 8. HP: 41/62 MP: 8/8
  4643 | D:5      | Noticed Grinder
  4669 | D:5      | Killed Grinder
  4669 | D:5      | Reached skill level 6 in Axes
  4883 | D:5      | Found a shadowy altar of Dithmenos.
  5635 | D:5      | Found a sparkling altar of Nemelex Xobeh.
  6095 | D:6      | Reached XP level 9. HP: 64/67 MP: 9/9
  6178 | D:6      | Reached skill level 7 in Axes
  6535 | D:6      | Found a staircase to the Ecumenical Temple.
  6566 | Temple   | Entered the Ecumenical Temple
  6734 | Temple   | Became a worshipper of Cheibriados the Contemplative
  7347 | D:7      | Reached skill level 8 in Axes
  7594 | D:7      | Reached * piety under Cheibriados
  7690 | D:7      | Found a glowing silver altar of Zin.
  7889 | D:8      | Reached XP level 10. HP: 79/79 MP: 10/10
  8011 | D:8      | Reached skill level 9 in Axes
  8051 | D:8      | Noticed a two-headed ogre
  8067 | D:8      | Killed a two-headed ogre
  8219 | D:8      | Reached ** piety under Cheibriados
  8219 | D:8      | Reached skill level 10 in Axes
  8317 | D:8      | Reached XP level 11. HP: 81/87 MP: 11/11
  8425 | D:8      | Found a staircase to the Lair.
  8616 | D:8      | Reached *** piety under Cheibriados
  8632 | D:8      | Found a basalt altar of Yredelemnul.
  8716 | D:8      | Found a roughly hewn altar of Beogh.
  8858 | D:8      | Noticed a two-headed hydra
  8864 | D:8      | Killed a two-headed hydra
  8884 | D:8      | Reached skill level 11 in Axes
  8995 | D:9      | Reached skill level 10 in Shields
  9027 | D:9      | Noticed a two-headed ogre
  9040 | D:9      | Killed a two-headed ogre
  9162 | D:9      | Found an opulent altar of Gozag.
  9321 | D:9      | Reached **** piety under Cheibriados
  9770 | D:10     | Entered Level 10 of the Dungeon
 10036 | D:10     | Reached ***** piety under Cheibriados
 10070 | D:10     | Noticed an unseen horror
 10100 | D:10     | Killed an unseen horror
 10100 | D:10     | Reached XP level 12. HP: 97/97 MP: 12/12
 10485 | D:10     | Found Wyubonlu's Weapon Boutique.
 10498 | D:10     | Noticed a two-headed ogre
 10508 | D:10     | Killed a two-headed ogre
 10508 | D:10     | Reached skill level 12 in Axes
 10545 | D:10     | Found a portal to a secret trove of treasure.
 10725 | D:11     | Reached skill level 10 in Fighting
 10725 | D:11     | Reached skill level 10 in Armour
 10779 | D:11     | Noticed Erica
 10800 | D:11     | Killed Erica
 11013 | D:11     | Noticed Gastronok
 11311 | D:11     | Found a staircase to the Orcish Mines.
 11790 | Orc:1    | Entered Level 1 of the Orcish Mines
 11868 | Orc:1    | Found Weesoc's Jewellery Shop.
 11878 | Orc:1    | Bought an uncursed ring of poison resistance for 240 gold pieces
 12235 | Orc:1    | Found a roughly hewn altar of Beogh.
 12237 | Orc:1    | Reached ****** piety under Cheibriados
 12388 | Orc:1    | Noticed a two-headed ogre
 12388 | Orc:1    | Noticed a two-headed ogre
 12388 | Orc:1    | Noticed a two-headed ogre
 12396 | Orc:1    | Killed a two-headed ogre
 12396 | Orc:1    | Reached skill level 13 in Axes
 12396 | Orc:1    | Reached XP level 13. HP: 104/104 MP: 13/13
 12550 | Orc:1    | Noticed Erolcha
 12567 | Orc:1    | Killed Erolcha
 12675 | Orc:2    | Entered Level 2 of the Orcish Mines
 12730 | Orc:2    | Noticed an orc warlord
 12741 | Orc:2    | Killed an orc warlord
 12868 | Orc:2    | Found Giuvu's General Store.
 12878 | Orc:2    | Reached skill level 14 in Axes
 12936 | Orc:2    | Bought 2 scrolls of enchant armour for 150 gold pieces
 13117 | Orc:2    | Found Hoafuere's Antique Weapon Boutique.
 13180 | Orc:2    | Bought a brightly glowing mace for 216 gold pieces
 13191 | Orc:2    | Found a staircase to the Elven Halls.
 13213 | Orc:2    | Found Dedaat's Antique Armour Shop.
 13233 | Orc:2    | Bought a pair of glowing gloves for 187 gold pieces
 13233 | Orc:2    | Bought a pair of shimmering boots for 237 gold pieces
 13248 | Orc:2    | Identified the +1 pair of boots "Nonteuq" {rPois} (You bought it in a shop on level 2 of the Orcish Mines)
 13249 | Orc:2    | Bought a pair of embroidered boots for 187 gold pieces
 13299 | Orc:2    | Found Meamowia's Book Shoppe.
 13625 | Lair:1   | Entered Level 1 of the Lair of Beasts
 13625 | Lair:1   | Found a sparkling altar of Nemelex Xobeh.
 13751 | Lair:1   | Noticed a six-headed hydra
 13752 | Lair:1   | Identified the cursed +2 mace "Jaoliu" {speed, rN+} (You bought it in a shop on level 2 of the Orcish Mines)
 13760 | Lair:1   | Killed a six-headed hydra
 13784 | Lair:1   | Reached XP level 14. HP: 111/114 MP: 14/14
 13819 | Lair:1   | Got a crude plate armour
 13830 | Lair:1   | Identified the +14 plate armour "Meolez" {*Slow rPois MP+9 Dex+2} (You found it on level 1 of the Lair of Beasts)
 14386 | Lair:2   | Found a staircase to the Swamp.
 15833 | Lair:4   | Reached skill level 15 in Axes
 16254 | Lair:4   | Found a runed door.
 16357 | Lair:4   | Found a staircase to the Snake Pit.
 16920 | Lair:5   | Reached XP level 15. HP: 122/122 MP: 15/15
 17278 | Lair:5   | Found a staircase to the Slime Pits.
 17639 | Swamp:1  | Entered Level 1 of the Swamp
 17955 | Swamp:1  | Reached skill level 16 in Axes
 18411 | Swamp:2  | Noticed Roxanne
 19350 | Swamp:2  | Got a smoking flail
 19363 | Swamp:2  | Identified the +6 flail "Tormentor" {drain, rPois rF+ Str+9 Stlth+} (You found it on level 2 of the Swamp)
 19496 | Swamp:2  | Reached XP level 16. HP: 127/132 MP: 16/16
 19564 | Swamp:3  | Reached skill level 1 in Spellcasting
 19751 | Swamp:3  | Noticed a thorn hunter
 19773 | Swamp:3  | Killed a thorn hunter
 19923 | Swamp:3  | Noticed a thorn hunter
 19933 | Swamp:3  | Reached skill level 15 in Shields
 19954 | Swamp:3  | Killed a thorn hunter
 20760 | Swamp:4  | Entered Level 4 of the Swamp
 21022 | Swamp:4  | HP: 6/134 [spriggan druid/quarterstaff (8)]
 21025 | Swamp:4  | HP: 2/201 [six-headed hydra (1)]
 21027 | Swamp:4  | Engulfed by a ghost crab's spectral mist

Skill      XL: |  1  2  3  4  5  6  7  8  9 10 11 12 13 14 15 16 |
---------------+-------------------------------------------------+-----
Shields        | 4 5 6 7 9 10 11 12 13 14 15 | 15.0
Axes           | 3 4 5 6 8 10 11 13 14 15 16 | 16.0
Armour         | 4 5 6 7 8 9 10 11 12 13 14 | 14.5
Fighting       | 4 5 6 7 8 9 10 11 12 13 14 | 14.5
Spellcasting   | 4 |  4.5

Action                   |  1- 3 |  4- 6 |  7- 9 | 10-12 | 13-15 | 16-18 || total
-------------------------+-------+-------+-------+-------+-------+-------++-------
Melee: War axe           |   115 |   192 |   312 |   307 |   985 |   228 ||  2139
       Hand axe          |       |       |    34 |   350 |       |       ||   384
       Dire flail        |       |       |       |     6 |       |       ||     6
       Morningstar       |       |       |       |       |    52 |       ||    52
       Flail             |       |       |       |       |     5 |    52 ||    57
Throw: Tomahawk          |       |       |       |       |     4 |       ||     4
Invok: Bend Time         |       |       |     1 |     1 |       |     1 ||     3
 Abil: Dig               |       |     1 |       |     3 |     5 |     1 ||    10
       Evoke Flight      |       |       |       |       |     2 |       ||     2
Evoke: Wand              |       |       |       |     8 |    19 |    18 ||    45
       Box of beasts     |       |       |       |     1 |     1 |       ||     2
       Phantom mirror    |       |       |       |       |     1 |       ||     1
       Lamp of fire      |       |       |       |       |     1 |       ||     1
  Use: Scroll            |     3 |       |    13 |    11 |    13 |     3 ||    43
       Potion            |       |     1 |     7 |     4 |     5 |     3 ||    20
 Stab: Invisible         |       |       |       |       |     5 |       ||     5
       Confused          |       |       |       |       |     1 |     2 ||     3
  Eat: Chunk             |       |     6 |    14 |    10 |    18 |     1 ||    49
       Ration            |       |       |     1 |       |       |     1 ||     2
Armor: Scale mail        |    65 |    84 |    82 |       |       |       ||   231
       Plate armour      |       |       |       |   154 |   267 |   108 ||   529
       Skin              |       |       |       |       |       |    27 ||    27
Dodge: Dodged            |    33 |    67 |   108 |    92 |   124 |    63 ||   487
Block: Shield            |    56 |   106 |   172 |   211 |       |       ||   545
       Large shield      |       |       |       |   226 |  1189 |   439 ||  1854
